 Dungeon Crawl Stone Soup version 0.26-a0-466-g989023bd0d (webtiles) character file.

Game seed: 6853692215713191535

45649 drasked the Peltast (level 14, 0/95 HPs)
             Began as a Halfling Hunter on Aug 5, 2020.
             Was the Champion of Okawaru.
             Slain by a death yak (23 damage)
             ... on level 5 of the Lair of Beasts.
             The game lasted 01:00:02 (22932 turns).

drasked the Peltast (Halfling Hunter)              Turns: 22932, Time: 01:00:03

Health: 0/95       AC: 18    Str: 19    XL:     14   Next: 72%
Magic:  14/14      EV: 21    Int: 10    God:    Okawaru [******]
Gold:   879        SH: 16    Dex: 20    Spells: 13/13 levels left

rFire    . . .     SeeInvis .   p - +1 fustibalus (freeze)
rCold    . . .     Faith    .   J - +0 kite shield
rNeg     + + +     Spirit   .   l - +4 ring mail of Insatiable Hunger {rElec rN+++ Str+6 Int-2}
rPois    +         Reflect  .   a - +0 helmet {Int+3} {Int+3}
rElec    +         Harm     .   N - +0 cloak {MR+} {MR+}
rCorr    +         Clarity  +   z - +1 pair of gloves
MR       +++++                  O - +0 pair of boots {Stlth+} {Stlth+}
Stlth    ++........             b - amulet of the Four Winds {rN+ MR+++ Clar}
HPRegen  0.25/turn              C - ring of resist corrosion
MPRegen  0.14/turn              P - ring of poison resistance {rPois, !d}

@: studying Long Blades
A: small, mutation resistance 1
a: Heroism, Finesse, Renounce Religion


You were on level 5 of the Lair of Beasts.
You worshipped Okawaru.
Okawaru was exalted by your worship.
You visited 3 branches of the dungeon, and saw 18 of its levels.

You collected 1361 gold pieces.
You spent 482 gold pieces at shops.

Inventory:

Hand Weapons
 c - a +4 quick blade
   (Okawaru gifted it to you on level 4 of the Lair of Beasts)
 p - a +1 fustibalus of freezing (weapon)
   (Okawaru gifted it to you on level 5 of the Lair of Beasts)
Missiles
 j - 94 poisoned darts
 A - 8 datura-tipped darts
 F - 2 throwing nets {=f, !d=f}
 Q - 284 stones (quivered)
Armour
 a - a +0 helmet of intelligence (worn) {Int+3}
   (You found it on level 6 of the Lair of Beasts)
 l - the +4 ring mail of Insatiable Hunger (worn) {rElec rN+++ Str+6 Int-2}
   (You found it on level 9 of the Dungeon)

   It affects your strength (+6).
   It affects your intelligence (-2).
   It insulates you from electricity.
   It renders you almost immune to negative energy.
 x - a scarf of invisibility
   (You found it on level 4 of the Lair of Beasts)
 z - a +1 pair of gloves (worn)
   (You found it on level 3 of the Dungeon)
 J - a +0 kite shield (worn)
   (You found it on level 11 of the Dungeon)
 N - a +0 cloak of magic resistance (worn) {MR+}
   (Okawaru gifted it to you on level 2 of the Lair of Beasts)
 O - a +0 pair of boots of stealth (worn) {Stlth+}
   (Okawaru gifted it to you on level 5 of the Lair of Beasts)
Jewellery
 b - the amulet of the Four Winds (around neck) {rN+ MR+++ Clar}
   (You bought it in a shop on level 11 of the Dungeon)

   [amulet of nothing]

   It protects you from negative energy.
   It affects your resistance to hostile enchantments.
   It protects you against confusion.
 C - a ring of resist corrosion (left hand)
   (You took it off an orc wizard on level 10 of the Dungeon)
 P - a ring of poison resistance (right hand) {rPois, !d}
   (You found it on level 8 of the Dungeon)
Wands
 e - a wand of disintegration (10)
   (You found it on level 11 of the Dungeon)
 D - a wand of digging (9)
   (You found it on level 1 of the Lair of Beasts)
 G - a wand of paralysis (16)
   (You found it on level 4 of the Dungeon)
 I - a wand of flame (19)
   (You found it on level 10 of the Dungeon)
 K - a wand of enslavement (25)
   (You found it on level 8 of the Dungeon)
 R - a wand of clouds (6)
   (You found it on level 6 of the Lair of Beasts)
 S - a wand of iceblast (10)
   (You found it on level 6 of the Lair of Beasts)
Scrolls
 f - 2 scrolls of fog
 g - 3 scrolls of enchant weapon
 i - 3 scrolls of identify
 m - 4 scrolls of magic mapping {!r!r}
 t - 3 scrolls of teleportation
 v - 3 scrolls of amnesia
 w - 5 scrolls of remove curse
 y - a scroll of immolation {!r!r}
 B - 3 scrolls of blinking {!r!r}
 L - a scroll of enchant armour
 T - a scroll of vulnerability {!r!r!r!r}
Potions
 d - 2 potions of might
 h - 4 potions of haste
 n - a potion of resistance
 o - 4 potions of brilliance
 q - 4 potions of curing
 r - 3 potions of ambrosia
 s - a potion of cancellation
 u - 2 potions of flight
 H - 3 potions of lignification {!q!q}
 V - a potion of magic
 W - a potion of berserk rage {!q!q}
 X - a potion of stabbing {unknown}
Books
 E - a manual of Long Blades {!d!d}
   (You found it on level 9 of the Dungeon)
Miscellaneous
 M - a lightning rod (4/4)
   (You found it on level 2 of the Lair of Beasts)
 U - a phial of floods
   (You found it on level 6 of the Lair of Beasts)


   Skills:
 - Level 8.6 Fighting
 + Level 0.2 Short Blades
 - Level 13.8(14.0) Slings
 - Level 2.4(6.9) Throwing
 - Level 9.9 Armour
 - Level 10.2 Dodging
 - Level 1.1 Stealth
 + Level 16.9 Shields


You had 13 spell levels left.
You didn't know any spells.
Your spell library contained the following spells:

 Spells                   Type           Power        Failure   Level
 Apportation              Tloc           #.....       65%         1
 Freeze                   Ice            #...         65%         1
 Shock                    Conj/Air       #...         65%         1
 Poisonous Vapours        Pois/Air       #.....       78%         2
 Swiftness                Air            #.......     78%         2
 Conjure Flame            Conj/Fire      #.......     95%         3
 Frozen Ramparts          Ice            #.....       95%         3
 Lesser Beckoning         Tloc           #.........   95%         3
 Mephitic Cloud           Conj/Pois/Air  #.......     95%         3
 Ozocubu's Armour         Ice            #.......     95%         3
 Static Discharge         Conj/Air       #.......     95%         3
 Tukima's Dance           Hex            #.......     95%         3
 Airstrike                Air            #.........   100%        4
 Hailstorm                Conj/Ice       #.......     100%        4
 Leda's Liquefaction      Hex/Erth       #.........   100%        4
 Summon Ice Beast         Ice/Summ       #.......     100%        4
 Alistair's Intoxication  Tmut/Pois      #........    100%        5
 Bolt of Magma            Conj/Fire/Erth #.........   100%        5
 Irradiate                Conj/Tmut      #.........   100%        5
 Lightning Bolt           Conj/Air       #.........   100%        5
 Freezing Cloud           Conj/Ice/Air   #.........   100%        6
 Hydra Form               Tmut           #.........   100%        6
 Invisibility             Hex            #.......     100%        6
 Iron Shot                Conj/Erth      #.........   100%        6
 Statue Form              Tmut/Erth      #........    100%        6
 Dragon Form              Tmut           #.........   100%        7
 Ignition                 Fire           #.........   100%        8
 Shatter                  Erth           #.........   100%        9
 Tornado                  Air            #.........   100%        9


Dungeon Overview and Level Annotations

Branches:
Dungeon (11/15)            Temple (1/1) D:7            Lair (6/6) D:11
  Snake (0/4) Lair:3        Slime (0/5) Lair:6          Orc (0/2) D:11
  Swamp: Lair:2-4    Shoals: Lair:2-4

Altars:
Ashenzari
Cheibriados
Dithmenos
Elyvilon
Fedhas
Gozag
Hepliaklqana
Kikubaaqudgha
Makhleb
Nemelex Xobeh
Okawaru
Qazlal
Ru
Sif Muna
Trog
Uskayaw
Vehumet
Wu Jian
Xom
Yredelemnul
Zin
The Shining One
Jiyva

Shops:
D:11 =

Annotations:
D:4 2 runed translucent doors, ThereIsNoGod's ghost, amateur DrTm
D:9 exclusion: orange crystal statue
D:10 1 runed translucent door, Qetiusk's ghost, journeyman GnFi
Lair:6 vurker's ghost, journeyman OpIE


Innate Abilities, Weirdness & Mutations

You are small and have problems with some larger weapons.
You are somewhat resistant to further mutation.


Message History

The stone freezes the death yak.
The death yak gores you!
* * * LOW HITPOINT WARNING * * *
Firing (i - inventory. (/) - cycle)
Q - 299 stones (quivered)
Aim: a death yak (almost dead)
You shoot a stone.
The stone hits the death yak but does no damage.
The death yak completely misses you.
You see here a crocodile skeleton.
You see here a komodo dragon corpse.
You see here a +3 dagger of protection.
You see here a cane toad corpse.
You see here a potion of mutation {!q!q}.
You see here 5 boomerangs.
There is an escape hatch in the floor, spattered with blood here.
There is a stone staircase leading down here.
You block the death yak's attack.
You climb downwards.
There is a stone staircase leading up here.
Firing (i - inventory. (/) - cycle)
Q - 298 stones (quivered)
Aim: a death yak (heavily wounded)
You shoot a stone. The stone hits the death yak.
The stone freezes the death yak.
The death yak barely misses you.
Firing (i - inventory. (/) - cycle)
Q - 297 stones (quivered)
Aim: a death yak (heavily wounded)
You shoot a stone.
The stone hits the death yak but does no damage.
Firing (i - inventory. (/) - cycle)
Q - 296 stones (quivered)
Aim: a death yak (heavily wounded)
You shoot a stone. The stone barely misses the death yak.
The death yak barely misses you.
Firing (i - inventory. (/) - cycle)
Q - 295 stones (quivered)
Aim: a death yak (heavily wounded)
You shoot a stone.
The stone completely misses the death yak.
You block the death yak's attack.
Unknown command.
Firing (i - inventory. (/) - cycle)
Q - 294 stones (quivered)
Aim: a death yak (heavily wounded)
You shoot a stone.
The stone hits the death yak but does no damage.
Firing (i - inventory. (/) - cycle)
Q - 293 stones (quivered)
Aim: a death yak (heavily wounded)
You shoot a stone. The stone hits the death yak.
The stone freezes the death yak.
The death yak gores you!!
* * * LOW HITPOINT WARNING * * *
Firing (i - inventory. (/) - cycle)
Q - 292 stones (quivered)
Aim: a death yak (heavily wounded)
You shoot a stone.
The stone hits the death yak but does no damage.
The death yak barely misses you.
Firing (i - inventory. (/) - cycle)
Q - 291 stones (quivered)
Aim: a death yak (heavily wounded)
You shoot a stone. The stone barely misses the death yak.
The death yak gores you!
* * * LOW HITPOINT WARNING * * *
Firing (i - inventory. (/) - cycle)
Q - 290 stones (quivered)
Aim: a death yak (heavily wounded)
Okay, then.
There is an escape hatch in the ceiling here.
A mysterious force pulls you upwards. The hatch slams shut behind you.
You see here 5 boomerangs.
The death yak barely misses you.
You see here a +3 dagger of protection.
The death yak completely misses you.
The yak bellows!
You hear a bellow!
You see here a komodo dragon corpse.
You see here a +3 dagger of protection.
You see here a cane toad skeleton.
You see here a potion of mutation {!q!q}.
There is a stone staircase leading down here.
The death yak completely misses you.
You climb downwards.
There is a stone staircase leading up here.
Firing (i - inventory. (/) - cycle)
Q - 290 stones (quivered)
Aim: a death yak (moderately wounded)
You shoot a stone. The stone barely misses the death yak.
The death yak closely misses you.
Firing (i - inventory. (/) - cycle)
Q - 289 stones (quivered)
Aim: a death yak (moderately wounded)
You shoot a stone. The stone hits the death yak.
The stone freezes the death yak.
Firing (i - inventory. (/) - cycle)
Q - 288 stones (quivered)
Aim: a death yak (heavily wounded)
You shoot a stone. The stone hits the death yak.
The stone freezes the death yak.
The death yak completely misses you.
Firing (i - inventory. (/) - cycle)
Q - 287 stones (quivered)
Aim: a death yak (heavily wounded)
You shoot a stone. The stone barely misses the death yak.
The death yak gores you!
* * * LOW HITPOINT WARNING * * *
Firing (i - inventory. (/) - cycle)
Q - 286 stones (quivered)
Aim: a death yak (heavily wounded)
You shoot a stone.
The stone hits the death yak but does no damage.
Firing (i - inventory. (/) - cycle)
Q - 285 stones (quivered)
Aim: a death yak (heavily wounded)
You shoot a stone.
The stone hits the death yak but does no damage.
The death yak gores you!!
You die...

### #.# ####.#### ######
#....#.#. ###(##.###........
###.Y............P#.
#######..@...P#.#.....###.
#P...##.............#.#.#.
##.........................
#...............##........P
##.......PPP..#.P..........
###........PP..#P........#..
#..........P.PP.....#.#.####
##..........#.PP#..###.#....
##........###P..#...##.....


You could see a death yak.

Levels and vault maps discovered:
D:1:      psy_arrival_basics, layout_loops_ring
D:2:      layout_loops_corners, chequers_ecumenical_altar_simple,
          serial_bayou_pond_e, uniq_sigmund
D:3:      layout_loops_ring, nicolae_gozag_cash_rules_everything_around_me
D:4:      layout_loops_ring, grunt_temple_overflow_champion_of_chaos, tgw_sif,
          nicolae_overflow_hidden_temple, ebering_ghost_disaster_area
D:5:      minmay_clustersquares, layout_gridville
D:6:      layout_loops_ring, chequers_serial_rivers_small_a
D:7:      layout_loops_corners, nicolae_ru_the_path_less_chosen,
          minmay_temple_entry_steel_oval, minmay_a_box_with_orc_wizards_in_it
D:8:      layout_basic, chequers_temple_overflow_statue_of_worship, uniq_harold
D:9:      layout_cross, lemuel_coloured_pillars_altar, minmay_protected_statue
D:10:     layout_basic, ebering_ghost_reflecting_pool
D:11:     layout_basic, dpeg_lair_monsters, zombieorc1_lemuel, serial_shops,
          nicolae_shop_stone
Temple:   nicolae_temple_x_marks_the_god
Lair:1:   layout_long_grid, uniq_nergalle
Lair:2:   layout_gridlike
Lair:3:   layout_hall_layers, minmay_snake_entry_spellcaster,
          zaba_antful_of_joy, grunt_megastairs_3, infiniplex_staircase_pool
Lair:4:   layout_roguey, nicolae_swamp_entry_splash_gauntlet,
          gammafunk_ghost_berserking_beasts
Lair:5:   layout_loops_ring, grunt_forest_stairs_clearing,
          minmay_lair_oklob_chamber
Lair:6:   gammafunk_lair_ancient_temple, layout_gridlike, slime_altar_1,
          gammafunk_ghost_arena, portal_ice_cave_rime

Notes
Turn   | Place    | Note
-------+----------+-------------------------------------------
     0 | D:1      | drasked the Halfling Hunter began the quest for the Orb.
     0 | D:1      | Reached XP level 1. HP: 14/14 MP: 1/1
    61 | D:1      | Identified a +0 club
    70 | D:1      | Reached skill level 6 in Slings
   136 | D:1      | Identified a +0 club
   166 | D:1      | Reached XP level 2. HP: 19/19 MP: 2/2
   207 | D:1      | Identified a +3 dagger of protection
   233 | D:1      | Identified a cursed -1 helmet (You found it on level 1 of
                  | the Dungeon)
   260 | D:1      | Identified a +0 dagger
   263 | D:1      | Identified a +0 club
   265 | D:1      | Identified a +0 club
   363 | D:1      | Reached skill level 7 in Slings
   363 | D:1      | Reached XP level 3. HP: 16/24 MP: 3/3
   736 | D:1      | Identified a ring of intelligence (You found it on level 1
                  | of the Dungeon)
   796 | D:2      | Identified a +0 club
   933 | D:2      | Identified a +0 short sword
   991 | D:2      | Identified a +0 club
  1068 | D:2      | Identified a +0 dagger
  1159 | D:2      | Identified a +0 scythe
  1159 | D:2      | Identified a +0 robe
  1159 | D:2      | Noticed Sigmund
  1161 | D:2      | Reached XP level 4. HP: 29/29 MP: 4/4
  1225 | D:2      | HP: 7/29 [Sigmund/magic dart (9)]
  1230 | D:2      | Killed Sigmund
  1230 | D:2      | Reached skill level 9 in Slings
  1230 | D:2      | Reached XP level 5. HP: 9/34 MP: 5/5
  1230 | D:2      | Reached XP level 6. HP: 10/39 MP: 6/6
  1497 | D:2      | Reached skill level 10 in Slings
  1503 | D:2      | Identified a +0 club
  1730 | D:2      | Found a faded altar of an unknown god.
  1866 | D:2      | Identified 4 scrolls of identify
  1866 | D:2      | Identified a potion of heal wounds
  1867 | D:2      | Identified a potion of flight
  2077 | D:3      | Identified a +0 club
  2079 | D:3      | Identified a +0 short sword
  2079 | D:3      | Identified a +0 ring mail
  2084 | D:3      | Identified a +0 hand axe
  2369 | D:3      | Found an opulent altar of Gozag.
  2397 | D:3      | Identified a +0 short sword
  2531 | D:3      | Identified a +1 pair of gloves (You found it on level 3 of
                  | the Dungeon)
  2532 | D:3      | Identified 2 scrolls of fog
  2537 | D:3      | Identified 2 scrolls of magic mapping
  2538 | D:3      | Identified 2 scrolls of enchant weapon
  2539 | D:3      | Identified a scroll of blinking
  2540 | D:3      | Identified a scroll of teleportation
  2859 | D:4      | Found a burning altar of Makhleb.
  2859 | D:4      | Identified a +2 dagger of chaos
  2871 | D:4      | Found a shimmering altar of Xom.
  2887 | D:4      | Identified a +0 short sword
  2887 | D:4      | Identified a +0 club
  2887 | D:4      | Identified a +0 ring mail
  2888 | D:4      | Identified a +0 mace
  2975 | D:4      | Found a basalt altar of Yredelemnul.
  3100 | D:4      | Noticed ThereIsNoGod's ghost (amateur DrTm)
  3102 | D:4      | Found a large runed translucent door.
  3102 | D:4      | Found a large runed translucent door.
  3284 | D:4      | Reached skill level 11 in Slings
  3284 | D:4      | Reached XP level 7. HP: 44/44 MP: 7/7
  3401 | D:4      | Identified a +0 long sword
  3401 | D:4      | Identified a cursed +0 robe
  3401 | D:4      | Noticed Blork the orc
  3529 | D:4      | Killed Blork the orc
  3539 | D:4      | Found a shimmering blue altar of Sif Muna.
  3702 | D:5      | Entered Level 5 of the Dungeon
  3811 | D:5      | Identified a cursed -1 shortbow
  4089 | D:5      | Reached skill level 12 in Slings
  4292 | D:5      | Identified a +0 hand axe
  4292 | D:5      | Identified a +0 dagger
  4292 | D:5      | Identified a +2 robe of positive energy
  4292 | D:5      | Identified a +0 shortbow
  4305 | D:5      | Identified a +2 antimagic war axe
  4305 | D:5      | Identified a +0 chain mail
  4307 | D:5      | Reached skill level 2 in Fighting
  4315 | D:5      | Reached skill level 1 in Armour
  4566 | D:5      | Reached XP level 8. HP: 51/51 MP: 8/8
  4583 | D:5      | Reached skill level 3 in Dodging
  4621 | D:5      | Reached skill level 2 in Armour
  4715 | D:5      | Reached skill level 3 in Fighting
  4857 | D:5      | Identified a +0 flail
  4861 | D:5      | Identified a cursed -2 mace
  4861 | D:5      | Identified a cursed +0 scale mail
  4861 | D:5      | Identified a +0 dagger
  4861 | D:5      | Identified a +0 robe
  4863 | D:5      | Identified a +0 dagger
  4863 | D:5      | Identified a +0 leather armour
  4986 | D:5      | Identified a +0 shortbow
  4986 | D:5      | Identified a +0 mace
  4987 | D:5      | Identified a +0 shortbow
  5019 | D:5      | Reached skill level 3 in Armour
  5025 | D:5      | Reached skill level 4 in Dodging
  5193 | D:5      | Identified 2 scrolls of immolation
  5194 | D:5      | Identified 2 scrolls of amnesia
  5195 | D:5      | Identified a scroll of random uselessness
  5196 | D:5      | Identified a scroll of remove curse
  5471 | D:5      | Identified 2 potions of ambrosia
  5472 | D:5      | Identified a potion of might
  5473 | D:5      | Identified a potion of mutation
  5474 | D:5      | Identified 2 potions of brilliance
  5475 | D:5      | Identified a potion of resistance
  5607 | D:6      | Reached skill level 4 in Fighting
  5607 | D:6      | Reached skill level 4 in Armour
  5695 | D:6      | Reached XP level 9. HP: 57/57 MP: 9/9
  5745 | D:6      | Reached skill level 5 in Dodging
  6630 | D:7      | Identified a +0 shortbow
  6641 | D:7      | Reached skill level 5 in Armour
  6778 | D:6      | Identified a +0 club
  6778 | D:6      | Identified a +0 shortbow
  6870 | D:4      | Identified a +0 helmet (You found it on level 4 of the
                  | Dungeon)
  6875 | D:4      | Identified a +0 pair of boots (You found it on level 6 of
                  | the Dungeon)
  6877 | D:4      | Identified a potion of haste
  6878 | D:4      | Identified a potion of cancellation
  7047 | D:7      | Identified a +0 dagger
  7047 | D:7      | Identified a +0 robe
  7067 | D:7      | Identified a +0 dagger
  7067 | D:7      | Identified a +0 robe
  7068 | D:7      | Identified a +0 dagger
  7068 | D:7      | Identified a +0 robe
  7068 | D:7      | Identified a +0 dagger
  7068 | D:7      | Identified a +0 robe
  7069 | D:7      | Identified a +0 dagger
  7069 | D:7      | Identified a +0 robe
  7070 | D:7      | Identified a +0 dagger
  7070 | D:7      | Identified a +0 robe
  7096 | D:7      | Reached skill level 6 in Dodging
  7110 | D:7      | Reached skill level 5 in Fighting
  7332 | D:7      | Identified a +0 dagger
  7332 | D:7      | Identified a +1 leather armour of fire resistance
  7430 | D:7      | Found a staircase to the Ecumenical Temple.
  7430 | D:7      | Identified a +0 dagger
  7430 | D:7      | Identified a +0 chain mail
  7430 | D:7      | Identified a +0 chain mail
  7434 | D:7      | Identified a +0 dire flail
  7434 | D:7      | Identified a +0 plate armour
  7453 | D:7      | Identified a +0 dagger
  7453 | D:7      | Identified a +0 robe
  7730 | D:7      | Reached skill level 6 in Armour
  7763 | D:7      | Found a sacrificial altar of Ru.
  7829 | Temple   | Entered the Ecumenical Temple
  7894 | Temple   | Became a worshipper of Warmaster Okawaru
  8042 | D:8      | Found an ornate altar of the Wu Jian Council.
  8043 | D:8      | Found a glowing golden altar of the Shining One.
  8044 | D:8      | Found a glowing silver altar of Zin.
  8096 | D:8      | Identified a +0 short sword
  8096 | D:8      | Identified a +2 scale mail of cold resistance
  8096 | D:8      | Noticed Harold
  8482 | D:7      | Identified a scroll of fear
  9083 | D:8      | Killed Harold
  9083 | D:8      | Reached * piety under Okawaru
  9083 | D:8      | Reached skill level 6 in Fighting
  9083 | D:8      | Reached skill level 2 in Throwing
  9083 | D:8      | Reached skill level 7 in Dodging
  9083 | D:8      | Reached XP level 10. HP: 54/66 MP: 10/10
  9141 | D:8      | Identified a ring of poison resistance (You found it on
                  | level 8 of the Dungeon)
  9144 | D:8      | Identified a +2 hunting sling of freezing
  9144 | D:8      | Identified a scroll of brand weapon
  9145 | D:8      | Identified a potion of lignification
  9305 | D:9      | Reached ** piety under Okawaru
  9322 | D:9      | Identified a +0 hand axe
  9322 | D:9      | Identified a +0 ring mail
  9326 | D:9      | Reached skill level 7 in Armour
  9429 | D:9      | Identified a +0 shortbow
  9438 | D:9      | Identified a +0 flail
  9776 | D:9      | Identified a +0 mace
  9776 | D:9      | Identified a +0 plate armour
  9776 | D:9      | Identified a +0 war axe
  9776 | D:9      | Identified a +0 ring mail
  9776 | D:9      | Identified a +0 club
  9776 | D:9      | Identified a +0 leather armour
  9776 | D:9      | Identified a +0 dagger
  9776 | D:9      | Identified a +0 robe
  9776 | D:9      | Identified a +0 dagger
  9776 | D:9      | Identified a +0 robe
  9776 | D:9      | Identified a +0 scale mail
  9791 | D:8      | Reached skill level 8 in Dodging
  9919 | D:9      | Identified a +0 leather armour
  9977 | D:9      | Identified a +0 short sword
  9977 | D:9      | Identified a +0 ring mail of positive energy
 10056 | D:9      | Noticed an orange crystal statue
 10469 | D:9      | Got a warped ring mail
 10479 | D:9      | Found a hazy altar of Hepliaklqana.
 10582 | D:9      | Reached *** piety under Okawaru
 10582 | D:9      | Reached skill level 7 in Fighting
 10582 | D:9      | Reached skill level 8 in Armour
 10668 | D:9      | Identified a +0 club
 10863 | D:9      | Got a bound sapphire amulet
 10955 | D:9      | Identified the amulet of Haryzaq {Inacc Dex+5} (You found
                  | it on level 9 of the Dungeon)
 10972 | D:9      | Identified the +4 ring mail of Insatiable Hunger {rElec
                  | rN+++ Str+6 Int-2} (You found it on level 9 of the Dungeon)
 11022 | D:10     | Entered Level 10 of the Dungeon
 11040 | D:10     | Identified a cursed +0 short sword
 11040 | D:10     | Identified a +0 robe
 11040 | D:10     | Identified a cursed +0 morningstar
 11040 | D:10     | Identified a +0 robe
 11040 | D:10     | Identified a cursed -2 mace
 11040 | D:10     | Identified a +0 robe
 11070 | D:10     | Identified a +0 scimitar
 11070 | D:10     | Identified a +0 robe
 11132 | D:10     | Identified a +0 dagger
 11132 | D:10     | Identified a +0 robe
 11132 | D:10     | Identified a +0 club
 11132 | D:10     | Identified a +0 club
 11153 | D:10     | Identified a +0 dagger
 11153 | D:10     | Identified a +0 robe
 11285 | D:10     | Noticed a four-headed hydra
 11299 | D:10     | Identified a +0 hand axe
 11299 | D:10     | Identified a +0 ring mail
 11330 | D:10     | Killed a four-headed hydra
 11330 | D:10     | Reached **** piety under Okawaru
 11330 | D:10     | Received a gift from Okawaru
 11330 | D:10     | Received a gift from Okawaru
 11330 | D:10     | Reached skill level 9 in Dodging
 11330 | D:10     | Reached XP level 11. HP: 75/75 MP: 11/11
 11353 | D:10     | Identified a +0 shortbow
 11705 | D:10     | Identified a +0 short sword
 11705 | D:10     | Identified a +0 ring mail
 11706 | D:10     | Identified a +0 dagger
 11706 | D:10     | Identified a +0 robe
 11706 | D:10     | Identified an uncursed ring of resist corrosion
 11708 | D:10     | Identified a +0 war axe
 11845 | D:10     | Found a runed translucent door.
 11845 | D:10     | Noticed Qetiusk's ghost (journeyman GnFi)
 11924 | D:10     | Reached skill level 9 in Armour
 11950 | D:10     | Identified a potion of degeneration
 12006 | D:11     | Found Ifiolaj's Jewellery Shop.
 12020 | D:11     | Bought the amulet of the Four Winds {rN+ MR+++ Clar} for
                  | 482 gold pieces
 12020 | D:11     | Found the amulet of the Four Winds {rN+ MR+++ Clar}
 12039 | D:11     | Identified a +0 mace
 12051 | D:11     | Reached skill level 8 in Fighting
 12056 | D:11     | Got a dazzling trident
 12059 | D:11     | Identified the +8 trident of the Median {vamp, Int+5} (You
                  | found it on level 11 of the Dungeon)
 12112 | D:11     | Identified a +4 scimitar
 12112 | D:11     | Identified a +0 robe
 12116 | D:11     | Identified a cursed +5 dire flail
 12116 | D:11     | Identified a cursed +0 robe
 12122 | D:11     | Identified a +0 hand axe
 12122 | D:11     | Identified a cursed +0 robe
 12246 | D:11     | Noticed a death yak
 12247 | D:11     | Noticed a death yak
 12249 | D:11     | Identified a +0 giant club
 12336 | D:11     | Noticed a death yak
 12363 | D:11     | Killed a death yak
 12363 | D:11     | Received a gift from Okawaru
 12480 | D:11     | Found a staircase to the Lair.
 12489 | D:11     | Identified a +0 giant club
 12491 | D:11     | Reached ***** piety under Okawaru
 12583 | D:11     | Reached skill level 10 in Dodging
 12604 | D:11     | Found a staircase to the Orcish Mines.
 12681 | D:11     | Reached skill level 1 in Shields
 12982 | D:10     | Killed a death yak
 12982 | D:10     | Reached skill level 2 in Shields
 13125 | D:11     | HP: 13/78 [death yak (16)]
 13138 | D:11     | HP: 8/78 [death yak (16)]
 13142 | D:11     | Killed a death yak
 13142 | D:11     | Received a gift from Okawaru
 13142 | D:11     | Reached skill level 3 in Shields
 13459 | D:11     | Identified a +0 troll leather armour
 13459 | D:11     | Reached skill level 4 in Shields
 13880 | Lair:1   | Entered Level 1 of the Lair of Beasts
 13969 | Lair:1   | Reached XP level 12. HP: 84/84 MP: 12/12
 13998 | Lair:1   | Identified a +0 dagger
 13998 | Lair:1   | Identified a +0 robe
 13998 | Lair:1   | Noticed Nergalle
 14002 | Lair:1   | Identified a +0 flail
 14002 | Lair:1   | Identified a +0 ring mail
 14002 | Lair:1   | Identified a +2 war axe
 14002 | Lair:1   | Identified a +0 plate armour
 14091 | Lair:1   | Identified a +0 dagger
 14091 | Lair:1   | Identified a +0 dire flail
 14091 | Lair:1   | Identified a +0 plate armour
 14113 | Lair:1   | Killed Nergalle
 14113 | Lair:1   | Reached skill level 5 in Shields
 14534 | Lair:1   | Identified a +0 cloak (You found it on level 1 of the Lair
                  | of Beasts)
 14547 | Lair:2   | Identified a +0 kite shield (You found it on level 11 of
                  | the Dungeon)
 14565 | Lair:2   | Received a gift from Okawaru
 14648 | Lair:2   | Identified a +0 morningstar
 14715 | Lair:2   | Reached skill level 6 in Shields
 14726 | Lair:2   | Identified a +0 cloak of magic resistance (Okawaru gifted
                  | it to you on level 2 of the Lair of Beasts)
 14727 | Lair:2   | Identified a scroll of enchant armour
 14769 | Lair:2   | Noticed a six-headed hydra
 14783 | Lair:2   | Killed a six-headed hydra
 14783 | Lair:2   | Reached skill level 7 in Shields
 15009 | Lair:2   | Noticed an eight-headed hydra
 15019 | Lair:2   | Killed an eight-headed hydra
 15019 | Lair:2   | Reached skill level 8 in Shields
 15603 | Lair:3   | Found a staircase to the Snake Pit.
 15614 | Lair:3   | Reached skill level 9 in Shields
 15778 | Lair:3   | You fall into a shaft and drop 2 floors!
 15880 | Lair:5   | Reached skill level 10 in Shields
 16064 | Lair:5   | Noticed a five-headed hydra
 16074 | Lair:5   | Killed a five-headed hydra
 16182 | Lair:5   | Got a slimy scale mail
 16251 | Lair:5   | Noticed a catoblepas
 16315 | Lair:5   | Killed a catoblepas
 16315 | Lair:5   | Received a gift from Okawaru
 16315 | Lair:5   | Reached skill level 11 in Shields
 16337 | Lair:5   | Reached XP level 13. HP: 52/89 MP: 13/13
 16339 | Lair:5   | Identified a +1 fustibalus of freezing (Okawaru gifted it
                  | to you on level 5 of the Lair of Beasts)
 16350 | Lair:5   | Identified the +1 scale mail of Chimes {rC+ Regen+ Str-4
                  | Dex+3} (You found it on level 5 of the Lair of Beasts)
 16362 | Lair:5   | Identified a ring of attention (You found it on level 5 of
                  | the Lair of Beasts)
 16806 | Lair:5   | Identified a +0 rapier
 16806 | Lair:5   | Identified a +0 robe
 16806 | Lair:5   | Identified a +0 buckler
 17457 | Lair:5   | Reached skill level 12 in Shields
 17676 | Lair:5   | Reached skill level 13 in Slings
 17814 | Lair:5   | Identified a +0 plate armour of poison resistance (You
                  | found it on level 5 of the Lair of Beasts)
 17863 | Lair:6   | Entered Level 6 of the Lair of Beasts
 17866 | Lair:6   | Noticed a four-headed hydra
 17958 | Lair:6   | Noticed a five-headed hydra
 18278 | Lair:5   | Identified a scroll of noise
 18318 | Lair:5   | Received a gift from Okawaru
 18622 | Lair:6   | Noticed a seven-headed hydra
 18763 | Lair:5   | Killed a four-headed hydra
 18763 | Lair:5   | Reached skill level 13 in Shields
 18773 | Lair:5   | Received a gift from Okawaru
 18933 | Lair:6   | Killed a seven-headed hydra
 19191 | Lair:5   | Identified a +0 pair of boots of stealth (Okawaru gifted it
                  | to you on level 5 of the Lair of Beasts)
 19420 | Lair:6   | Reached skill level 14 in Shields
 19607 | Lair:6   | Reached XP level 14. HP: 94/95 MP: 14/14
 19836 | Lair:6   | Reached skill level 15 in Shields
 19842 | Lair:6   | Reached ****** piety under Okawaru
 20420 | Lair:6   | Received a gift from Okawaru
 20786 | Lair:6   | Noticed vurker's ghost (journeyman OpIE)
 20796 | Lair:6   | Found a transporter.
 20834 | Lair:6   | Reached skill level 16 in Shields
 20858 | Lair:6   | Found a transporter.
 21376 | Lair:6   | Found a staircase to the Slime Pits.
 21377 | Lair:6   | Found a viscous altar of Jiyva.
 21878 | Lair:6   | Identified a +1 hunting sling of flaming (Okawaru gifted it
                  | to you on level 6 of the Lair of Beasts)
 21960 | Lair:6   | Identified a +0 helmet of intelligence (You found it on
                  | level 6 of the Lair of Beasts)
 22063 | Lair:6   | Identified a scroll of vulnerability
 22064 | Lair:6   | Identified a potion of magic
 22065 | Lair:6   | Identified a potion of berserk rage
 22112 | Lair:4   | You fall into a shaft and drop 2 floors!
 22722 | Lair:4   | Received a gift from Okawaru
 22726 | Lair:4   | Identified a +4 quick blade (Okawaru gifted it to you on
                  | level 4 of the Lair of Beasts)
 22891 | Lair:5   | HP: 20/95 [death yak (17)]
 22930 | Lair:5   | HP: 23/95 [death yak (7)]
 22932 | Lair:5   | Slain by a death yak

Table legend: (Time is in decaauts)
 A = Elapsed time spent in this place.
 B = Non-inter-level travel time spent in this place.
 C = Inter-level travel time spent in this place.
 D = Time resting spent in this place.
 E = Time spent auto-exploring this place.
 F = Levels seen in this place.
 G = Mean time per level.
                   A        B        C        D        E       F      G
               +--------+--------+--------+--------+--------+-----+--------+
         Total |  22169 |  21022 |   1147 |   6691 |  10137 |  18 | 1231.6 |
       Dungeon |  13392 |  12562 |    830 |   3212 |   7115 |  11 | 1217.5 |
        Temple |     72 |     53 |     19 |      0 |     51 |   1 |   72.0 |
          Lair |   8704 |   8406 |    298 |   3479 |   2971 |   6 | 1450.7 |
               +--------+--------+--------+--------+--------+-----+--------+

Top non-repeatable levels by time:
  Lair:5: 3502 daAuts
  Lair:6: 2700 daAuts
     D:5: 1848 daAuts
     D:7: 1610 daAuts
    D:11: 1488 daAuts
     D:8: 1395 daAuts
    D:10: 1223 daAuts
     D:4: 1196 daAuts
     D:9: 1167 daAuts
     D:2: 1075 daAuts
  Lair:2: 1026 daAuts
     D:6: 926 daAuts
     D:1: 783 daAuts
  Lair:4: 711 daAuts
     D:3: 677 daAuts

Table legend:
 A = Kills in this place as a percentage of kills in entire the game.
 B = Kills by you in this place as a percentage of kills by you in the entire game.
 C = Kills by friends in this place as a percentage of kills by friends in the entire game.
 D = Other kills in this place as a percentage of other kills in the entire game.
 E = Experience gained in this place as a percentage of experience gained in the entire game.
 F = Experience gained in this place divided by the number of levels of this place that you have seen.
                   A       B       C       D       E      F
               +-------+-------+-------+-------+-------+----------------------
         Total | 100.0 | 100.0 |   N/A |   N/A | 100.0 | 3623.0
       Dungeon |  60.6 |  60.6 |   N/A |   N/A |  23.6 | 1401.5
          Lair |  39.4 |  39.4 |   N/A |   N/A |  76.4 | 8299.7
               +-------+-------+-------+-------+-------+----------------------

Skill      XL: |  1  2  3  4  5  6  7  8  9 10 11 12 13 14 |
---------------+-------------------------------------------+-----
Slings         | 6 7 9 11 12 13 | 13.8
Fighting       | 2 4 6 7 8 |  8.6
Armour         | 1 4 6 8 9 |  9.9
Dodging        | 4 7 9 10 | 10.2
Throwing       | 2 |  2.4
Shields        | 4 11 14 16 | 16.9
Short Blades   | |  0.2
Stealth        | |  1.1

Action                   |  1- 3 |  4- 6 |  7- 9 | 10-12 | 13-15 || total
-------------------------+-------+-------+-------+-------+-------++-------
Melee: Hunting sling     |       |       |       |     1 |       ||     1
       Quick blade       |       |       |       |       |    23 ||    23
 Fire: Hunting sling     |    77 |    93 |   403 |  1020 |       ||  1593
       Fustibalus        |       |       |       |       |  1057 ||  1057
Throw: Dart              |       |    11 |     8 |     5 |       ||    24
       Throwing net      |       |       |       |     2 |       ||     2
  Use: Scroll            |       |     7 |    13 |     5 |     6 ||    31
       Potion            |       |       |     1 |     2 |     2 ||     5
Armor: Leather armour    |     3 |     1 |    11 |       |       ||    15
       Chain mail        |       |       |    28 |       |       ||    28
       Scale mail        |       |       |       |    44 |       ||    44
       Ring mail         |       |       |       |    44 |   125 ||   169
Dodge: Dodged            |    10 |    17 |    83 |   364 |   399 ||   873
Block: Kite shield       |       |       |       |    68 |   503 ||   571

Vanquished Creatures
  Harold (D:8)
  7 hydras
  A merfolk avatar (Lair:6)
  A catoblepas (Lair:5)
  4 death yaks
  Nergalle (Lair:1)
  2 sea snakes
  4 oklob plants (Lair:5)
  9 elephants
  A molten gargoyle (Lair:2)
  A torpor snail (Lair:5)
  A gargoyle (D:11)
  A guardian serpent (Lair:3)
  12 cane toads
  6 black mambas
  8 rime drakes
  8 komodo dragons
  A hornet (Lair:6)
  3 trolls
  5 polar bears
  A wind drake (Lair:5)
  3 dream sheep (Lair:5)
  9 hippogriffs
  9 blink frogs
  A spriggan (Lair:5)
  A shadow (D:11)
  Sigmund (D:2)
  14 yaks
  A wraith (D:11)
  2 wyverns
  2 basilisks
  8 water moccasins
  7 porcupines
  3 ice beasts
  3 black bears
  2 phantoms
  4 sky beasts
  2 orc warriors
  3 necrophages
  25 wolves
  8 centaurs
  2 ogres (D:11)
  12 crocodiles
  13 bullfrogs
  Blork the orc (D:4)
  A scorpion (Lair:2)
  2 troll zombies (D:11)
  12 killer bees
  7 wights
  3 electric eels
  5 howler monkeys
  2 bullfrog zombies
  A crimson imp (D:4)
  4 jellies
  2 centaur zombies (D:5)
  A bullfrog skeleton (D:7)
  A quasit (D:10)
  7 orc priests
  A hound (D:6)
  2 iguanas
  13 orc wizards
  2 hell rats (D:11)
  2 worker ants
  4 ogre zombies (D:11)
  A hound skeleton (D:10)
  2 worker ant zombies
  2 howler monkey zombies
  A gnoll (D:5)
  A river rat (D:11)
  8 adders
  5 white imps
  An ufetubus (D:5)
  2 oozes
  3 adder skeletons
  A worm (D:2)
  3 dart slugs
  5 leopard geckos
  27 orcs
  3 ball pythons
  6 giant cockroaches
  7 goblins
  5 hobgoblins
  8 jackals
  5 kobolds
  4 quokkas
  3 bats
  3 frilled lizards (D:1)
  A giant cockroach zombie (D:6)
  2 goblin skeletons (D:11)
  2 goblin zombies (D:11)
  2 hobgoblin zombies (D:11)
  A jackal skeleton (D:4)
  13 orc zombies (D:11)
  6 rats
419 creatures vanquished.

Vanquished Creatures (others)
  An orc wizard (D:7)
  7 fungi
  16 plants
24 creatures vanquished.

Grand Total: 443 creatures vanquished
